 Dungeon Crawl Stone Soup version 0.22-a0-525-gf69a080 (webtiles) character file.

20757 iamserjio the Cleaver (level 12, -2/85 HPs)
             Began as an Octopode Wanderer on June 20, 2018.
             Was a High Priest of Okawaru.
             Killed by divine providence
             ... invoked by an orc priest
              (14 damage)
             ... on level 2 of the Orcish Mines.
             The game lasted 00:51:22 (19944 turns).

iamserjio the Cleaver (Octopode Wanderer)          Turns: 19944, Time: 00:51:23

Health: -2/85      AC:  3    Str: 15 (16) XL:     12   Next: 82%
Magic:  13/15      EV: 20    Int: 20      God:    Okawaru [*****.]
Gold:   449        SH: 22    Dex: 11      Spells: 14/15 levels left

rFire    + . .     SeeInvis +   y - +0 broad axe
rCold    . . .     Gourm    .   o - +4 shield
rNeg     . . .     Faith    .   b - +2 hat {Int+3}
rPois    .         Spirit   .   (no amulet)
rElec    .         Reflect  .   c - ring of stealth
rCorr    .         Harm     .   u - ring of protection from fire
MR       .....                  t - +2 ring of intelligence
Stlth    ++++++++..             S - ring of see invisible
HPRegen  0.24/turn              (no ring)
MPRegen  0.14/turn              (no ring)
                                (no ring)
                                (no ring)

@: heroism, invisible
A: almost no armour, stealthy swim, amphibious, 8 rings, constrict 8, tentacle
spike 1, large bone plates 2, camouflage 1, deterioration 1, gelatinous body 1,
MP-powered wands
a: Heroism, Finesse, Renounce Religion


You were on level 2 of the Orcish Mines.
You worshipped Okawaru.
Okawaru was extremely pleased with you.
You were near starving.

You visited 3 branches of the dungeon, and saw 15 of its levels.
You also visited: Ossuary, Ice Cave and Volcano.

You collected 1273 gold pieces.
You spent 824 gold pieces at shops.

Inventory:

Hand Weapons
 h - a +0 war axe
 j - a cursed -3 whip
 y - a +0 broad axe (weapon)
 C - a +0 blowgun
 P - a cursed -1 war axe
Missiles
 e - 2 throwing nets {!f}
 A - 14 javelins (quivered)
 E - 60 poisoned needles
 M - 3 curare-tipped needles {!f}
Armour
 b - a +2 hat of intelligence (worn)
 o - a +4 shield (worn)
 z - a +0 large shield of reflection
 Q - a +0 buckler
Jewellery
 c - a ring of stealth (left tentacle)
 g - an uncursed ring of ice
 t - a +2 ring of intelligence (on tentacle)
 u - a ring of protection from fire (right tentacle)
 S - a ring of see invisible (on tentacle)
Wands
 l - a wand of iceblast (6)
 D - a wand of clouds (1)
Scrolls
 a - 5 scrolls of enchant weapon
 f - 3 scrolls of teleportation
 k - 3 scrolls of immolation
 n - 3 scrolls of amnesia
 q - 9 scrolls of remove curse {@r2}
 w - a scroll of blinking
 x - a scroll of fear
 O - 2 scrolls of vulnerability
Potions
 i - a potion of agility
 m - 3 potions of flight
 p - 7 potions of curing {@q1}
 r - 2 potions of berserk rage
 v - 3 potions of haste
 B - a potion of cancellation
 F - a potion of might
 I - a potion of invisibility
 J - 3 potions of ambrosia
 K - 2 potions of resistance
 L - 6 potions of heal wounds
 N - a potion of brilliance
Miscellaneous
 G - a lamp of fire (inert)
 H - a phial of floods (inert)
Comestibles
 d - 34 rations
 s - 6 chunks of flesh


   Skills:
 + Level 9.1(14.1) Fighting
 - Level 13.0(18.0) Axes
 + Level 9.1(14.1) Dodging
 + Level 10.7(15.7) Stealth
 + Level 7.0(12.0) Shields
 - Level 2.0 Spellcasting
 - Level 2.0 Necromancy
   Level 1.0 Fire Magic
 - Level 3.0 Invocations


You had 14 spell levels left.
You knew the following spells:

 Your Spells              Type           Power        Failure   Level  Hunger
a - Animate Skeleton      Necr           N/A          10%         1    #......

Your spell library contained the following spells:

 Spells                   Type           Power        Failure   Level  Hunger
 Magic Dart               Conj           #...         22%         1    #......
 Fireball                 Conj/Fire      #.........   99%         5    ######.
 Apportation              Tloc           #.....       22%         1    #......
 Conjure Flame            Conj/Fire      #.......     50%         3    ###....
 Throw Flame              Conj/Fire      #.....       28%         2    ##.....
 Summon Small Mammal      Summ           #...         22%         1    #......
 Iskenderun's Mystic Bla  Conj           #.......     92%         4    #####..
 Sticky Flame             Conj/Fire      #.......     88%         4    #####..
 Confusing Touch          Hex            #.....       22%         1    #......
 Flame Tongue             Conj/Fire      #....        19%         1    #......
 Inner Flame              Hex/Fire       #.......     50%         3    ###....
 Fulminant Prism          Conj/Hex       #.........   92%         4    #####..
 Dazzling Spray           Conj/Hex       #.....       56%         3    ###....
 Force Lance              Conj/Tloc      #.......     92%         4    #####..
 Searing Ray              Conj           #.....       34%         2    ##.....


Dungeon Overview and Level Annotations

Branches:
Dungeon (12/15)            Temple (1/1) D:4            Lair (0/6) D:8
    Orc (2/2) D:12            Elf (0/3) Orc:2

Altars:
Ashenzari
Cheibriados
Dithmenos
Elyvilon
Fedhas
Gozag
Hepliaklqana
Kikubaaqudgha
Makhleb
Nemelex Xobeh
Okawaru
Qazlal
Ru
Sif Muna
Trog
Uskayaw
Vehumet
Wu Jian
Xom
Yredelemnul
Zin
The Shining One

Shops:
D:8 !   D:11 [[*[%   Orc:1 [   Orc:2 !(

Annotations:
D:3 2 transporters
D:6 1 runed door


Innate Abilities, Weirdness & Mutations

You cannot wear most types of armour.
You are very stealthy in the water. (Stealth+)
You are amphibious.
You can wear up to eight rings at the same time.
You can use your tentacles to constrict eight enemies at once.
Your skin changes colour to match your surroundings (Stealth+).
Your rubbery body absorbs attacks. (AC +1, EV +1)
One of your tentacles bears a spike.
You are mostly covered in large bone plates. (SH +6)
Your body sometimes deteriorates upon taking damage.
You expend magic power (3 MP) to strengthen your wands.


Message History

You hit the orc priest.
You kill the orc priest!
Okawaru accepts your kill.
The orc priest begins to cast a cantrip, but forgets the words!
You block the orc priest's attack.
You hit the orc priest. Your grab misses the orc priest.
You pierce the orc priest, but do no damage.
Your squeeze misses the orc priest.
The orc priest is heavily wounded.
Okay, then.
The orc priest calls down the wrath of Beogh upon you.
Beogh smites you!
* * * LOW HITPOINT WARNING * * *
An orc comes into view.
You fade into invisibility!
The orc priest looks more healthy.
An orc comes into view. It is wielding a dagger.
The orc priest calls down the wrath of Beogh upon you.
Beogh smites you!
You die...

#....)*8,,,8*.....# *,,**,
#..#)o#######.o#..# *,,,**
#...o)............# **,,,,
#...........o.....# **,,,
#..8.o#..#..#..8..# ****
#.......)...o.....#
#.......)..[......# *
########'oo######## #####
#....@.....#######.##<
#.8.....8....#.##...#.
#...............##....
##...........#.##.....
###..........##.#....
##..........#.......
##...........##......
#####....................
##........................


You could see an orc high priest, 4 orc priests and 3 orcs.

Vanquished Creatures
  An orc warlord (D:12)
  Urug (D:11)
  An unseen horror (D:10)
  2 orc knights
  2 deep elf magi
  2 orc sorcerers (Orc:1)
  2 ugly things (IceCv)
  A cyclops (Orc:1)
  2 ice statues (IceCv)
  A gargoyle (Volcano)
  2 rime drakes (Orc:1)
  An efreet (Volcano)
  5 trolls
  A hornet (D:8)
  Grinder (D:3)
  Prince Ribbit (D:7)
  2 hippogriffs
  A shadow (D:11)
  2 wraiths
  A spriggan (D:10)
  3 wyverns (D:10)
  2 fire elementals (Volcano)
  5 yaks
  Menkaure (D:7)
  4 wargs
  A water moccasin (D:6)
  Duvessa (D:7)
  An acid dragon (D:10)
  A hell hound (Orc:2)
  17 orc warriors
  10 ice beasts
  2 sky beasts
  An eye of draining (D:10)
  3 black bears
  2 necrophages (D:9)
  A phantom (D:8)
  8 ogres
  2 centaurs
  2 crocodiles
  2 big kobolds
  7 bullfrogs
  Dowan (D:7)
  3 scorpions
  9 killer bees
  2 howler monkeys
  3 lava snakes (D:9)
  A bullfrog zombie (D:6)
  2 crimson imps
  A bullfrog skeleton (D:4)
  9 orc priests
  6 hounds
  A quasit (D:8)
  A gnoll shaman (D:6)
  5 jellies
  20 orc wizards
  2 iguanas
  6 worker ants
  A hound skeleton (D:7)
  8 mummies (Ossuary)
  A howler monkey skeleton (D:5)
  A worker ant zombie (D:8)
  4 gnolls (D:6)
  13 adders
  A shadow imp (D:6)
  An ooze (D:1)
  An adder zombie (D:9)
  5 dart slugs
  7 leopard geckos
  77 orcs
  6 giant cockroaches
  3 hobgoblins
  17 jackals
  3 quokkas
  6 bats
  4 frilled lizards
  9 goblins
  3 hobgoblin zombies (Ossuary)
  A jackal skeleton (D:4)
  34 kobolds
  3 kobold zombies (Ossuary)
  2 orc zombies (Ossuary)
  A quokka skeleton (D:9)
  3 rats
395 creatures vanquished.

Vanquished Creatures (collateral kills)
  5 yaks
  A hell hound (Orc:2)
  An orc warrior (Orc:2)
  An orc (Orc:2)
  A jackal (D:6)
9 creatures vanquished.

Vanquished Creatures (others)
  A plant (D:5)
1 creature vanquished.

Grand Total: 405 creatures vanquished

Notes
Turn   | Place    | Note
-------+----------+-------------------------------------------
     0 | D:1      | iamserjio the Octopode Wanderer began the quest for the Orb.
     0 | D:1      | iamserjio set off with: a +0 hand axe, a potion of lignification, a ration
     0 | D:1      | Reached XP level 1. HP: 13/13 MP: 3/3
   226 | D:1      | Reached XP level 2. HP: 5/18 MP: 5/5
   917 | D:1      | Reached XP level 3. HP: 19/23 MP: 6/6
  1604 | D:2      | Reached skill level 1 in Dodging
  1607 | D:2      | Learned a level 1 spell: Animate Skeleton
  1828 | D:2      | Found a deep blue altar of Sif Muna.
  1838 | D:2      | Found an ornate altar of the Wu Jian Council.
  1838 | D:2      | Found a bloodstained altar of Trog.
  2225 | D:2      | Reached XP level 4. HP: 23/29 MP: 7/7
  2502 | D:2      | HP: 2/43 [poisoned by an adder]
  2505 | D:2      | Gained mutation: Your body sometimes deteriorates upon taking damage. [potion of mutation]
  2505 | D:2      | Gained mutation: You are clumsy. (Dex -2) [potion of mutation]
  2505 | D:2      | Gained mutation: You are resistant to hostile enchantments. (MR+) [potion of mutation]
  3059 | D:3      | Found a transporter.
  3199 | D:3      | Found a faded altar of an unknown god.
  3443 | D:3      | Noticed Grinder
  3793 | D:3      | Reached skill level 1 in Necromancy
  3890 | D:3      | Found a transporter.
  4056 | D:4      | Reached XP level 5. HP: 23/34 MP: 8/8
  4299 | D:4      | Reached skill level 5 in Axes
  4467 | D:4      | Reached XP level 6. HP: 30/41 MP: 9/9
  4809 | D:4      | Found a staircase to the Ecumenical Temple.
  4835 | Temple   | Entered the Ecumenical Temple
  5184 | Temple   | Became a worshipper of Warmaster Okawaru
  5344 | D:3      | Killed Grinder
  5344 | D:3      | Reached skill level 1 in Invocations
  5344 | D:3      | Reached XP level 7. HP: 25/46 MP: 10/10
  5447 | D:5      | Entered Level 5 of the Dungeon
  5490 | D:5      | Found a white marble altar of Elyvilon.
  5497 | D:5      | Reached skill level 6 in Axes
  5858 | D:5      | Reached skill level 5 in Stealth
  6011 | D:5      | Reached * piety under Okawaru
  6011 | D:5      | Reached XP level 8. HP: 49/53 MP: 11/11
  6448 | D:5      | Found a radiant altar of Vehumet.
  7387 | D:5      | Lost mutation: You are resistant to hostile enchantments. (MR+) [potion of mutation]
  7387 | D:5      | Lost mutation: You are clumsy. (Dex -2) [potion of mutation]
  7387 | D:5      | Gained mutation: You expend magic power (3 MP) to strengthen your wands. [potion of mutation]
  7387 | D:5      | Gained mutation: You are partially covered in large bone plates. (SH +4) [potion of mutation]
  7387 | D:5      | Gained mutation: One of your tentacles bears a spike. [potion of mutation]
  7387 | D:5      | Gained mutation: You are mostly covered in large bone plates. (SH +6) [potion of mutation]
  7484 | D:6      | Found a glowing golden altar of the Shining One.
  7484 | D:6      | Found a white marble altar of Elyvilon.
  7485 | D:6      | Found a sacrificial altar of Ru.
  7499 | D:6      | Found a sand-covered staircase.
  7510 | Ossuary  | Entered an ossuary
  7538 | Ossuary  | Reached skill level 7 in Axes
  7872 | D:6      | Reached ** piety under Okawaru
  8163 | D:7      | Noticed Dowan
  8166 | D:7      | Noticed Duvessa
  8179 | D:7      | Killed Duvessa
  8181 | D:7      | Killed Dowan
  8271 | D:7      | Reached XP level 9. HP: 59/59 MP: 12/12
  8302 | D:7      | Noticed Menkaure
  8309 | D:7      | Killed Menkaure
  8795 | D:7      | Reached skill level 8 in Axes
  8890 | D:7      | Reached skill level 5 in Fighting
  8891 | D:7      | Noticed Prince Ribbit
  8900 | D:7      | Reached skill level 5 in Dodging
  8925 | D:7      | Killed Prince Ribbit
  9310 | D:6      | Reached skill level 9 in Axes
  9556 | D:6      | Reached *** piety under Okawaru
  9584 | D:6      | Found a glowing silver altar of Zin.
  9763 | D:6      | Found a glowing golden altar of the Shining One.
  9763 | D:6      | Noticed an angel
  9764 | D:6      | Found a runed door.
  9998 | D:8      | Found a staircase to the Lair.
 10174 | D:8      | Reached XP level 10. HP: 65/68 MP: 13/13
 10579 | D:8      | Found Xigezov's Distillery.
 10588 | D:8      | Bought a potion of curing for 42 gold pieces
 10588 | D:8      | Bought a potion of curing for 42 gold pieces
 10588 | D:8      | Bought a potion of heal wounds for 70 gold pieces
 10588 | D:8      | Bought a potion of curing for 42 gold pieces
 10643 | D:8      | Paralysed by a hornet for 1 turns
 11357 | D:9      | Reached skill level 10 in Axes
 12184 | D:9      | Reached **** piety under Okawaru
 12683 | D:9      | Found an opulent altar of Gozag.
 12683 | D:9      | Found a blossoming altar of Fedhas.
 12780 | D:10     | Entered Level 10 of the Dungeon
 13353 | D:10     | Killed an unseen horror
 13353 | D:10     | Reached XP level 11. HP: 25/75 MP: 10/14
 13422 | D:10     | Reached skill level 11 in Axes
 14626 | D:10     | Reached ***** piety under Okawaru
 15136 | D:11     | Found Kaepomad's Armour Shop.
 15137 | D:11     | Noticed a deep elf mage
 15377 | D:11     | Killed a deep elf mage
 15571 | D:11     | Found Gompod's Antique Armour Shop.
 15601 | D:11     | Found Vuvu's General Store.
 15609 | D:11     | Bought a scroll of blinking for 82 gold pieces
 15609 | D:11     | Bought an uncursed ring of see invisible for 165 gold pieces
 15609 | D:11     | Bought a scroll of teleportation for 33 gold pieces
 15683 | D:11     | Found Ugaecodgh's Food Emporium.
 15726 | D:11     | Noticed Urug
 15737 | D:11     | Killed Urug
 15750 | D:11     | Reached skill level 5 in Shields
 15816 | D:11     | Found Nuthrabycw's Antique Armour Shoppe.
 16143 | D:12     | Noticed a deep elf mage
 16151 | D:12     | Killed a deep elf mage
 16151 | D:12     | Received a gift from Okawaru
 16155 | D:12     | Found a staircase to the Orcish Mines.
 17133 | Orc:1    | Entered Level 1 of the Orcish Mines
 17133 | Orc:1    | Found Wuddis's Armour Shoppe.
 17160 | Orc:1    | Noticed an orc knight
 17172 | Orc:1    | Noticed an orc sorcerer
 17173 | Orc:1    | Found a bloodstained altar of Trog.
 17178 | Orc:1    | Killed an orc sorcerer
 17223 | Orc:1    | Found a frozen archway.
 17234 | Orc:1    | Reached skill level 12 in Axes
 17247 | IceCv    | Entered an ice cave
 17247 | IceCv    | Noticed a white ugly thing
 17274 | IceCv    | Reached XP level 12. HP: 48/83 MP: 6/15
 17508 | IceCv    | Found a transporter.
 17538 | IceCv    | Found a transporter.
 17822 | Orc:1    | Noticed an orc warlord
 18718 | D:12     | Killed an orc warlord
 18718 | D:12     | Reached skill level 10 in Stealth
 19011 | Orc:2    | Entered Level 2 of the Orcish Mines
 19011 | Orc:2    | Found a staircase to the Elven Halls.
 19021 | Orc:2    | Found Zadamn's Antique Weapon Emporium.
 19044 | Orc:2    | Bought a broad axe for 108 gold pieces
 19060 | Orc:2    | Found Xeroi's Distillery.
 19063 | Orc:2    | Bought a potion of heal wounds for 80 gold pieces
 19063 | Orc:2    | Bought 2 potions of heal wounds for 160 gold pieces
 19076 | Orc:2    | Found a dark tunnel.
 19089 | Volcano  | Entered a volcano
 19240 | Volcano  | Received a gift from Okawaru
 19901 | Orc:2    | Reached skill level 13 in Axes
 19940 | Orc:2    | Noticed an orc high priest
 19944 | Orc:2    | Killed from afar by an orc priest

Vault maps used:
D:1:      saegor_arrival_miasma, serial_bayou_pond_a, supply_closet_lemuel,
          st_stairs_14
D:2:      grunt_temple_overflow_open
D:3:      gammafunk_wand_slinger, chequers_ecumenical_altar_grove, first_ration,
          uniq_grinder
D:4:      minmay_temple_entry_enclosed_plants
D:5:      kennysheep_kobold_camp, fiery_altar_vehumet, basic_altar
D:6:      chequers_temple_overflow_statue_of_worship,
          nicolae_ossuary_entry_ruins, lemuel_angel_altar
D:7:      uniq_prince_ribbit1, uniq_duvessa, uniq_menkaure
D:8:      lair_entry_dummy, serial_shops, shop
D:9:      amethyst_overflow_temple_binary
D:11:     serial_shops, nicolae_shop_competitors_out_of_business,
          nicolae_shop_waterfront, shop, shop, shop, hangedman_stone_soup,
          uniq_urug
D:12:     orc_0_dummy
Temple:   minmay_temple_forest_path
Orc:1:    serial_shops, nicolae_shop_competitors_out_of_business,
          portal_ice_cave_rime, basic_altar
Orc:2:    st_orc_rangers, enter_volcano_3, serial_shops,
          nicolae_shop_behind_doors, shop, minmay_orc_temple_c, uniq_maurice
Ossuary:  ossuary_tomb_3
IceCv:    ice_cave_statue_garden_transporter
Volcano:  volcano_overflow

Skill      XL: |  1  2  3  4  5  6  7  8  9 10 11 12 |
---------------+-------------------------------------+-----
Stealth        | 2 3 4 5 6 7 9 10 | 10.7
Dodging        | 1 2 3 4 6 7 8 9 |  9.1
Fighting       | 2 3 4 6 7 8 9 |  9.1
Necromancy     | 1 2 |  2.0
Axes           | 5 6 7 9 10 12 13 | 13.0
Invocations    | 1 2 3 |  3.0
Shields        | 4 5 7 |  7.0
Spellcasting   | |  2.0
Fire Magic     | |  1.0

Action                   |  1- 3 |  4- 6 |  7- 9 | 10-12 || total
-------------------------+-------+-------+-------+-------++-------
Melee: Hand axe          |   102 |    30 |       |       ||   132
       Constrict         |    22 |    18 |    53 |    87 ||   180
       Tentacles         |     8 |    12 |    41 |   108 ||   169
       War axe           |       |    68 |   300 |   530 ||   898
       Kick              |       |       |    47 |   180 ||   227
       Punch             |       |       |     3 |     7 ||    10
       Broad axe         |       |       |       |    85 ||    85
Throw: Throwing net      |       |     2 |     2 |       ||     4
       Javelin           |       |       |       |     4 ||     4
 Cast: Animate Skeleton  |       |       |     5 |    23 ||    28
Invok: Heroism           |       |       |     5 |    24 ||    29
       Finesse           |       |       |       |     1 ||     1
Evoke: Wand              |       |       |     1 |    12 ||    13
       Phial of floods   |       |       |       |     1 ||     1
       Lamp of fire      |       |       |       |     1 ||     1
  Use: Potion            |     1 |     5 |     6 |     7 ||    19
       Scroll            |       |     3 |    12 |    16 ||    31
 Stab: Sleeping          |     7 |     5 |    24 |    22 ||    58
       Invisible         |       |       |       |     8 ||     8
  Eat: Chunk             |     4 |     9 |    16 |    23 ||    52
       Ration            |       |       |       |     2 ||     2
Armor: Skin              |    16 |    18 |    26 |    62 ||   122
Dodge: Dodged            |    69 |    68 |   156 |   282 ||   575
Block: Other             |       |       |    53 |    81 ||   134
       Buckler           |       |       |       |    76 ||    76
       Shield            |       |       |       |   143 ||   143

Table legend:
 A = Spawn XP
 B = Non-spawn XP
 C = Spawn XP percentage of total XP
 D = Spawn monster count
 E = Non-spawn monster count
 F = Spawn count percentage of total count
 G = Total turns spent on level
                    A         B        C        D         E        F      G
               +---------+---------+-------+---------+---------+-------+---------
         Total |       0 |   29653 |   0.0 |       0 |     404 |   0.0 | 19944
               +---------+---------+-------+---------+---------+-------+---------
           D:1 |       0 |      53 |   0.0 |       0 |      27 |   0.0 |  1565
           D:2 |       0 |      53 |   0.0 |       0 |      17 |   0.0 |  1431
           D:3 |       0 |     338 |   0.0 |       0 |      24 |   0.0 |  1153
           D:4 |       0 |     325 |   0.0 |       0 |      11 |   0.0 |  1137
           D:5 |       0 |     762 |   0.0 |       0 |      40 |   0.0 |  1742
           D:6 |       0 |    1329 |   0.0 |       0 |      34 |   0.0 |   974
           D:7 |       0 |    1570 |   0.0 |       0 |      20 |   0.0 |  1368
           D:8 |       0 |    1303 |   0.0 |       0 |      26 |   0.0 |  1804
           D:9 |       0 |    2137 |   0.0 |       0 |      34 |   0.0 |  1555
          D:10 |       0 |    3479 |   0.0 |       0 |      36 |   0.0 |  1914
          D:11 |       0 |    2543 |   0.0 |       0 |      17 |   0.0 |  1042
          D:12 |       0 |    4608 |   0.0 |       0 |      27 |   0.0 |  1743
         Orc:1 |       0 |    4371 |   0.0 |       0 |      34 |   0.0 |   910
         Orc:2 |       0 |    2802 |   0.0 |       0 |      27 |   0.0 |   245
       Ossuary |       0 |     150 |   0.0 |       0 |      16 |   0.0 |   330
         IceCv |       0 |    2656 |   0.0 |       0 |      10 |   0.0 |   340
       Volcano |       0 |    1174 |   0.0 |       0 |       4 |   0.0 |   302
               +---------+---------+-------+---------+---------+-------+---------
